 Dungeon Crawl Stone Soup version 0.31.0-11-ge490571c62 (webtiles) character file.

Game seed: 6288733286945530463

137 Aneyh the Slasher (level 5, -5/33 HPs)
             Began as a Tengu Monk on Feb 4, 2024.
             Slain by a water moccasin (7 damage)
             ... on level 3 of the Dungeon.
             The game lasted 00:03:22 (2313 turns).

Aneyh the Slasher (Tengu Monk)                      Turns: 2313, Time: 00:03:22

Health: -5/33      AC:  3    Str: 17    XL:     5   Next: 20%
Magic:  6/6        EV: 13    Int: 12    God:
Gold:   134        SH:  0    Dex: 17    Spells: 4/4 levels left

rFire   . . .        l - +3 rapier of the Transparent God {heavy, rC+}
rCold   + . .        (no shield)
rNeg    . . .        b - +0 robe
rPois   .            (helmet restricted)
rElec   .            u - +0 cloak
rCorr   .            (no gloves)
SInv    .            (boots unavailable)
Will    .....        (no amulet)
Stlth   ++           o - +6 ring of strength
HPRegen 0.25/turn    (no ring)
MPRegen 0.10/turn

%: acrobat
@: no status effects
A: beak, talons 3, acrobatic
a: no special abilities


You were on level 3 of the Dungeon.
You visited 1 branch of the dungeon, and saw 3 of its levels.

You collected 134 gold pieces.

Inventory:

Hand Weapons
 a - a +0 falchion
 l - the +3 rapier of the Transparent God (weapon) {heavy, rC+}
   (You found it on level 2 of the Dungeon)

   rC+:       It protects you from cold.
 r - a +0 trident
 t - a +4 quarterstaff of chaos
 v - a +2 heavy hammer
 w - a +0 halberd
Missiles
 i - 3 poisoned darts (quivered)
 x - 2 throwing nets
Armour
 b - a +0 robe (worn)
 d - an orb of light
 q - a scarf of resistance
 u - a +0 cloak (worn)
Jewellery
 o - a +6 ring of strength (left hand)
Scrolls
 h - a scroll of acquirement {unknown}
 j - 2 scrolls of teleportation {unknown}
 k - a scroll of vulnerability {unknown}
 m - a scroll of poison {unknown}
 n - 2 scrolls of identify {unknown}
 p - a scroll of fear {unknown}
Potions
 c - a potion of ambrosia
 e - a potion of brilliance {unknown}
 f - 3 potions of curing {unknown}
 g - 2 potions of heal wounds {unknown}
 s - a potion of enlightenment {unknown}


   Skills:
 + Level 4.1 Fighting
 + Level 1.8(3.6) Short Blades
 - Level 5.0(5.1) Long Blades
 - Level 3.2 Dodging


You had 4 spell levels left.
You didn't know any spells.
Your spell library contained the following spells:

 Spells                   Type           Power      Damage    Failure   Level
 Shock                    Conj/Air       0%         1d3       32%         1
 Slow                     Hex            0%         N/A       32%         1
 Confusing Touch          Hex            0%         N/A       69%         3
 Gell's Gravitas          Tloc           0%         N/A       69%         3
 Sigil of Binding         Hex            0%         N/A       69%         3
 Swiftness                Air            0%         N/A       69%         3
 Teleport Other           Tloc           0%         N/A       69%         3
 Vampiric Draining        Necr           0%         2d6       69%         3
 Airstrike                Air            0%         2d(0-16)  97%         4
 Dispersal                Tloc           0%         N/A       100%        6


Dungeon Overview and Level Annotations

Branches:
Dungeon (3/15)

Altars:


Innate Abilities, Weirdness & Mutations

You have a beak for a mouth.
You have claws for feet.
You can magically evade attacks while moving or waiting.


Message History

The dart slug completely misses you.
You puncture the dart slug!
You kill the dart slug!
You open the door.
A water moccasin comes into view.
The water moccasin hisses angrily.
You closely miss the water moccasin.
The water moccasin bites you but does no damage.
A gnoll comes into view. It is wielding a +5 whip of venom.
The water moccasin barely misses you.
A gnoll comes into view.
It is wielding a +2 halberd of protection.
You barely miss the water moccasin.
The gnoll shouts! x2
You claw the water moccasin, but do no damage.
You hear a shout!
The water moccasin barely misses you. The water moccasin closely misses you.
You puncture the water moccasin!
The water moccasin is heavily wounded.
The water moccasin bites you. The gnoll misses you.
The water moccasin bites you.
The gnoll hits you from afar with a +2 halberd of protection!
You barely miss the water moccasin.
You claw the water moccasin, but do no damage.
Your peck misses the water moccasin.
The water moccasin is heavily wounded.
The water moccasin completely misses you.
The water moccasin barely misses you. The gnoll closely misses you.
A gnoll comes into view. It is wielding a +0 spear.
You hit the water moccasin but do no damage.
The water moccasin is heavily wounded.
The water moccasin barely misses you. The gnoll barely misses you.
The water moccasin bites you.
The gnoll hits you from afar with a +2 halberd of protection!
* * * LOW HITPOINT WARNING * * *
Unknown command.
You puncture the water moccasin! You peck the water moccasin.
The water moccasin is severely wounded.
The water moccasin bites you but does no damage.
The water moccasin bites you!
You die...

#.# ##...##########
#.#### ##.$...##
#.##.## ##.......##
###.#...####.........#
....)......+.........+
###.#...####.........#
#.##)## ##.......##
#....# ##.....##
####.# ##.@.## #.#
##S## #.#########gg
#..........g..
#†.###.#.##..## #..#
...# #..###.# ....
#......# .... ##<#####


You could see a water moccasin and 3 gnolls.

Vanquished Creatures
  Crazy Yiuf (D:2)
  3 adders (D:2)
  3 gnolls (D:3)
  5 dart slugs
  An orc (D:3)
  2 endoplasms
  A giant cockroach (D:1)
  4 goblins
  5 hobgoblins
  2 jackals (D:1)
  3 kobolds
  5 ball pythons
  4 bats
  A frilled lizard (D:1)
  2 rats
42 creatures vanquished.

Notes
Turn   | Place    | Note
-------+----------+-------------------------------------------
     0 | D:1      | Aneyh the Tengu Monk began the quest for the Orb.
     0 | D:1      | Reached XP level 1. HP: 14/14 MP: 2/2
    83 | D:1      | Reached XP level 2. HP: 19/19 MP: 3/3
   129 | D:1      | Reached skill level 4 in Long Blades
   405 | D:1      | Reached XP level 3. HP: 21/23 MP: 4/4
  1002 | D:2      | Reached skill level 5 in Long Blades
  1074 | D:2      | Identified the +3 rapier of the Transparent God {heavy,
                  | rC+}
  1082 | D:2      | Reached XP level 4. HP: 12/28 MP: 5/5
  1413 | D:2      | Found a runed translucent door.
  1414 | D:2      | Noticed Crazy Yiuf
  1774 | D:2      | Killed Crazy Yiuf
  1775 | D:2      | Reached skill level 1 in Short Blades
  1904 | D:3      | Reached XP level 5. HP: 9/33 MP: 6/6
  2307 | D:3      | Noticed a water moccasin
  2312 | D:3      | HP: 1/33 [gnoll/+2 halberd of protection (14)]
  2313 | D:3      | Slain by a water moccasin

Illustrated notes

Levels and vault maps discovered:
D:1:      enne_arrival_octagon_isle, layout_basic
D:2:      layout_loops_ring, minmay_pentomino_s4, uniq_crazy_yiuf_cottage
D:3:      layout_loops_corners, mainiacjoe_sewer_entry_somewhere_in_here_2,
          uniq_sigmund, uniq_natasha

Skill      XL: |  1  2  3  4 |
---------------+-------------+-----
Long Blades    | 4 5 |  5.0
Short Blades   | 1 |  1.8
Fighting       | 4 |  4.1
Dodging        | |  3.2

Action                     |  1- 3 |  4- 6 || total
---------------------------+-------+-------++-------
  Melee: Falchion          |    48 |       ||    48
         Kick              |    11 |     9 ||    20
         Peck              |     7 |     4 ||    11
         Rapier            |     5 |    29 ||    34
    Use: Potion            |       |     1 ||     1
 Armour: Robe              |    22 |    23 ||    45
  Dodge: Dodged            |    60 |    37 ||    97
